 Dungeon Crawl Stone Soup version 0.28-a0-863-g8cecda6153 (webtiles) character file.

Game seed: 10580365780313562646

38 kae the Ruffian (level 3, 0/28 HPs)
             Began as a Draconian Transmuter on Nov 18, 2021.
             Slain by an ufetubus (4 damage)
             ... on level 1 of the Dungeon.
             The game lasted 00:00:49 (1681 turns).

kae the Ruffian (Draconian Transmuter)              Turns: 1681, Time: 00:00:49

Health: 0/28       AC:  5    Str: 12    XL:     3   Next: 25%
Magic:  2/6        EV: 12    Int: 14    God:
Gold:   8          SH:  0    Dex: 11    Spells: 2/6 levels left

rFire   . . .      SeeInvis .     - Unarmed
rCold   . . .      Faith    .   (no shield)
rNeg    . . .      Spirit   .   (armour unavailable)
rPois   .          Reflect  .   (helmet currently unavailable)
rElec   .          Harm     .   (no cloak)
rCorr   .          Rampage  .   (no gloves)
Will    .....                   (boots currently unavailable)
Stlth   +.........              (no amulet)
HPRegen 0.09/turn               (no ring)
MPRegen 0.10/turn               (no ring)

@: appendages, very slightly contaminated
A: horns 2, talons 2, AC +5, unfitting armour, cold-blooded
a: End Transformation


You were on level 1 of the Dungeon.
You had temporarily grown beastly horns and talons.
You visited 1 branch of the dungeon, and saw 2 of its levels.

You collected 48 gold pieces.
You spent 40 gold pieces at shops.

Inventory:

Jewellery
 a - an amulet of the acrobat
Scrolls
 c - 4 scrolls of identify
Potions
 b - a potion of might {unknown}
 d - a potion of haste {unknown}


   Skills:
 + Level 1.5 Fighting
 - Level 2.0 Dodging
 * Level 3.5 Unarmed Combat
 + Level 2.2 Spellcasting
 * Level 2.3 Transmutations
 * Level 0.2 Poison Magic


You had 2 spell levels left.
You knew the following spells:

 Your Spells              Type           Power      Damage    Failure   Level
a - Beastly Appendage     Tmut           16%        N/A       9%          1
b - Spider Form           Tmut/Pois      5%         N/A       38%         3

Your spell library contained the following spells:

 Spells                   Type           Power      Damage    Failure   Level
 Wereblood                Tmut           8%         N/A       13%         2
 Static Discharge         Conj/Air       1%         N/A       34%         2
 Stone Arrow              Conj/Erth      2%         3d7       56%         3
 Ice Form                 Ice/Tmut       4%         N/A       80%         4
 Lightning Bolt           Conj/Air       0%         1d11      100%        5
 Lehudib's Crystal Spear  Conj/Erth      0%         10d2      100%        8
 Maxwell's Capacitive Co  Air            0%         ∞         100%        8
 Animate Armour           Summ/Erth      Unusable   N/A       N/A         4

Dungeon Overview and Level Annotations

Branches:
Dungeon (2/15)

Altars:

Shops:
D:1 ?


Innate Abilities, Weirdness & Mutations

You have temporarily grown beastly horns and talons.
Your plain brown scales are hard. (AC +5)
You cannot fit into any form of body armour.
You are cold-blooded and may be slowed by cold attacks.


Message History

There is a stone staircase leading down here.
You feel sick. The ufetubus misses you. The ufetubus barely misses you.
You feel sick.
You feel sick. The ufetubus misses you.
The ufetubus hits you but does no damage.
You feel sick.
You are no longer poisoned.
The ufetubus hits you. x2
The ufetubus hits you but does no damage. x2
Your horns disappear.
Your talons disappear.
There is a stone staircase leading up here.
The ufetubus hits you but does no damage.
The ufetubus closely misses you.
The ufetubus hits you but does no damage.
The ufetubus hits you.
You climb upwards.
There is a stone staircase leading down here.
Casting: Beastly Appendage (safe; 9% risk of failure)
Confirm with . or Enter, or press ? or * to list all spells.
The spell is extremely dangerous to cast (38% risk of failure)!
Continue anyway? [Y]es or [N]o only, please.
The spell is extremely dangerous to cast (38% risk of failure)!
Continue anyway?
You miscast Spider Form.
You are very lightly contaminated with residual magic.
Nothing appears to happen.
The ufetubus hits you but does no damage.
The ufetubus hits you.
* * * LOW HITPOINT WARNING * * *
You closely miss the ufetubus.
The ufetubus hits you but does no damage.
The ufetubus hits you.
* * * LOW HITPOINT WARNING * * *
Casting: Spider Form (extremely dangerous; 38% risk of failure)
Confirm with . or Enter, or press ? or * to list all spells.
You grow a pair of large bovine horns.
Your feet morph into talons.
The ufetubus closely misses you.
The ufetubus hits you but does no damage. x2
The ufetubus barely misses you. The ufetubus barely misses you.
The ufetubus hits you.
You die...

##.# ###..###########
#..............#
#.#..#########.# #.#..#
#.....#
######.#..######.####
#....#.#............#
###....#....######.##.#
......†.........@#.##.#
.................5.##.#
..#....#..######.#.##.#
..#....#..# #.#.##.#
..#....#..# #.#.##.#
..#....#..# #.#.##.#
#.#....#..# #.####.#
#.######..# #.# #.# ..#
#..# #.# #.#


You could see an ufetubus.

Vanquished Creatures
  An adder (D:2)
  A dart slug (D:1)
  3 bats (D:1)
  2 endoplasms (D:1)
  A giant cockroach (D:1)
  5 goblins
  A hobgoblin (D:1)
  2 kobolds (D:1)
  2 quokkas (D:1)
  3 ball pythons (D:1)
  3 frilled lizards (D:1)
  4 rats (D:1)
28 creatures vanquished.

Notes
Turn   | Place    | Note
-------+----------+-------------------------------------------
     0 | D:1      | kae the Draconian Transmuter began the quest for the Orb.
     0 | D:1      | Reached XP level 1. HP: 16/16 MP: 3/3
   171 | D:1      | Reached XP level 2. HP: 17/23 MP: 3/5
   802 | D:1      | Found Iwku's Magic Scroll Shop.
   810 | D:1      | Bought a scroll of identify for 20 gold pieces
   810 | D:1      | Bought a scroll of identify for 20 gold pieces
  1246 | D:1      | Reached XP level 3. HP: 28/28 MP: 4/6
  1250 | D:1      | Learned a level 3 spell: Spider Form
  1681 | D:1      | Slain by an ufetubus

Illustrated notes

Levels and vault maps discovered:
D:1:      mrwooster_arrival_arrow, layout_basic, serial_shops, shop,
          minmay_misc_feat_room
D:2:      layout_rooms, ebering_ecumenical_altar_petrified, roderic_lattice_a,
          uniq_sigmund, uniq_jessica

Skill      XL: |  1  2 |
---------------+-------+-----
Dodging        | 2 |  2.0
Fighting       | |  1.5
Unarmed Combat | |  3.5
Spellcasting   | |  2.2
Transmutations | |  2.3
Poison Magic   | |  0.2

Action                   || total
-------------------------++-------
Melee: Unarmed           ||    81
       Kick              ||     6
       Headbutt          ||     7
       Tailslap          ||     9
       Punch             ||     1
 Cast: Beastly Appendage ||    23
  Use: Scroll            ||     1
 Stab: Sleeping          ||     2
Armor: Skin              ||    40
Dodge: Dodged            ||    72

Table legend: (Time is in decaauts)
 A = Elapsed time spent in this place.
 B = Non-inter-level travel time spent in this place.
 C = Inter-level travel time spent in this place.
 D = Time resting spent in this place.
 E = Time spent auto-exploring this place.
 F = Levels seen in this place.
 G = Mean time per level.
                   A        B        C        D        E       F      G
               +--------+--------+--------+--------+--------+-----+--------+
         Total |   1678 |   1668 |     10 |      3 |   1415 |   2 |  839.0 |
       Dungeon |   1678 |   1668 |     10 |      3 |   1415 |   2 |  839.0 |
               +--------+--------+--------+--------+--------+-----+--------+

Top non-repeatable levels by time:
     D:1: 1343 daAuts
     D:2: 335 daAuts
